[Event "Late-Titled-Tuesday-Blitz-May-07-2024"]
[Site "Chess.com"]
[Date "2024.05.07"]
[Round "1"]
[White "TheDevilAdvisoR"]
[Black "MarkusRagger"]
[Result "0-1"]
[WhiteElo "2455"]
[BlackElo "2785"]
[TimeControl "180+1"]
[EndTime "14:07:23 PDT"]
[Termination "MarkusRagger won on time"]

1. f4 d5 2. Nf3 Nf6 3. g3 c6 4. Bg2 Qb6 5. e3 Bg4 6. O-O Nbd7 7. d4 e6 8. Nbd2 Be7 9. c3 h5 10. h3 Bf5 11. Qb3 Ne4 12. Nxe4 Bxe4 13. Ne5 Bxg2 14. Kxg2 Nf6 15. Bd2 Ne4 16. Be1 Bd6 17. Nf3 f6 18. Nd2 Nxd2 19. Bxd2 Qxb3 20. axb3 Kd7 21. c4 a6 22.
Rfe1 Rad8 23. Ba5 Rc8 24. c5 Bb8 25. Rad1 Rce8 26. e4 dxe4 27. Rxe4 Ke7 28. Kf3 Kf7 29. Rde1 Re7 30. R1e2 Rhe8 31. Bc3 Rd7 32. b4 Rd5 33. R4e3 g5 34. Re4 gxf4 35. gxf4 Rf5 36. Rg2 Rd8 37.
Bd2 e5 38. Be3 exf4 39. Bxf4 Bxf4 40. Rxf4 Rxf4+ 41. Kxf4 Rxd4+ 42. Kf5 Rxb4 43. Rd2 Rb5 44. Rd7+ Ke8 45. Rh7 Rxc5+ 46. Kxf6 Rb5 47. Ke6 Kd8 48.
Kd6 Rd5+ 49. Ke6 Kc8 0-1

[Event "Late-Titled-Tuesday-Blitz-May-07-2024"]
[Site "Chess.com"]
[Date "2024.05.07"]
[Round "1"]
[White "albayo"]
[Black "Arek_pacitan"]
[Result "1-0"]
[WhiteElo "2431"]
[BlackElo "2715"]
[TimeControl "180+1"]
[EndTime "14:07:23 PDT"]
[Termination "albayo won by resignation"]

1. e4 e5 2. Nf3 Nc6 3. Bc4 Nf6 4. d3 Bc5 5. c3 d6 6. Nbd2 a6 7. Bb3 O-O 8. O-O h6 9. Re1 Re8 10. Nf1 Be6 11. Ng3 Ba7 12. h3 Qd7 13. Be3 Bxe3 14. Rxe3 Ne7 15. d4 Bxb3 16. Qxb3 Ng6 17. Rd1 Qc8 18.
Ree1 Nf4 19. dxe5 dxe5 20. Nf5 Re6 21. Ne3 N6h5 22. Nd5 Rb8 23. Kh2 c6 24. Nb6 Qe8 25. Nd7 Rd8 26. Nc5 Rg6 27. g4 Rxd1 28. Rxd1 Qe7 29.
Qb6 Kh7 30. Rd7 Qf6 31. Qxb7 Ne6 32. Nxe6 Qxf3 33. Rxf7 Qxe4 34. Nf8+ Kg8 35. Nxg6 Qxg6 36. gxh5 Qxf7 37. Qxf7+ Kxf7 38. Kg3 Kf6 39. f4 e4 40.
b4 Ke6 41. c4 Kf5 42. a4 Ke6 43. Kf2 Kf6 44. Ke3 Kf5 45. b5 cxb5 46. cxb5 axb5 47. axb5 Ke6 48. Kxe4 1-0

[Event "Late-Titled-Tuesday-Blitz-May-07-2024"]
[Site "Chess.com"]
[Date "2024.05.07"]
[Round "1"]
[White "maksimys18"]
[Black "AlexeiShirov"]
[Result "0-1"]
[WhiteElo "2506"]
[BlackElo "2866"]
[TimeControl "180+1"]
[EndTime "14:07:24 PDT"]
[Termination "AlexeiShirov won by resignation"]

1. d4 d5 2. Nf3 Nf6 3. c4 c6 4. Nc3 e6 5. Bg5 dxc4 6. e4 b5 7. e5 h6 8. Bh4 g5 9. Bg3 Nd5 10. Nd2 Qa5 11. Nce4 Nd7 12. Be2 c5 13. dxc5 Nxc5 14.
O-O Nxe4 15. Nxe4 Bb7 16. Bh5 O-O-O 17. Bxf7 Nf4 18. Nd6+ Bxd6 19. exd6 Qb6 20. Bxf4 gxf4 21. Bxe6+ Kb8 22. Qg4 Qxd6 23. Rad1 Qe5 24. Rfe1 Qg5 25. h4 Qf6 26. Bf5 Rxd1 27. Rxd1 Rf8 28. Qxf4+ Ka8 29.
g4 Qxh4 30. f3 a6 31. Rd7 Re8 32.
Be4 Qe1+ 33. Kh2 Qf2+ 34. Kh3 Bxe4 35. Ra7+ Qxa7 36. fxe4 Qe7 37. e5 Qxe5 38. Qf3+ Qe4 39. Qf7 Qe3+ 40. Kh4 Qg5+ 41. Kg3 Qe5+ 42. Kh4 Qe7+ 43.
Qxe7 Rxe7 0-1

[Event "Late-Titled-Tuesday-Blitz-May-07-2024"]
[Site "Chess.com"]
[Date "2024.05.07"]
[Round "1"]
[White "Mariia89"]
[Black "nabukatnezarr"]
[Result "0-1"]
[WhiteElo "2231"]
[BlackElo "2612"]
[TimeControl "180+1"]
[EndTime "14:07:24 PDT"]
[Termination "nabukatnezarr won on time"]

1. d4 Nf6 2. Nf3 g6 3. c4 Bg7 4.
Nc3 d5 5. Bg5 c6 6. e3 O-O 7.
Be2 dxc4 8. Bxc4 b5 9. Be2 Nbd7 10. O-O Bb7 11. Rc1 a6 12. e4 b4 13. e5 bxc3 14. exf6 exf6 15. Be3 cxb2 16. Rb1 a5 17. Rxb2 Ba6 18.
Bxa6 Rxa6 19. Qc2 Qa8 20. Rfb1 Rc8 21. Rb7 Nf8 22. Qc5 Ne6 23. Qe7 Rf8 24. h4 Qd8 25. Qa3 h5 26. Qd3 Ra8 27. Qc4 Qd5 28. Qc2 Rfc8 29. Qa4 f5 30. R1b6 f4 31. Bc1 Nxd4 32.
Nxd4 Bxd4 33. Rb3 c5 34. Bxf4 Re8 35. Qb5 Re1+ 36. Kh2 Bxf2 37. Rf3 Bg1+ 38. Kg3 Qe6 0-1

[Event "Late-Titled-Tuesday-Blitz-May-07-2024"]
[Site "Chess.com"]
[Date "2024.05.07"]
[Round "1"]
[White "GM_dmitrij"]
[Black "Aryan_Tamadon"]
[Result "1-0"]
[WhiteElo "3041"]
[BlackElo "2549"]
[TimeControl "180+1"]
[EndTime "14:07:26 PDT"]
[Termination "GM_dmitrij won on time"]

1. c4 Nf6 2. Nc3 d6 3. d4 g6 4. e4 Bg7 5. Be2 O-O 6. Be3 Na6 7. Nf3 Bg4 8. O-O Bxf3 9. Bxf3 e5 10. d5 c6 11. Rb1 Qe7 12. b4 Nd7 13. dxc6 bxc6 14. Qa4 Nc7 15. Qxc6 Rfc8 16. Qa4 Nb6 17. Qb3 Ne6 18.
Nd5 Nxd5 19. exd5 Nd4 20. Bxd4 exd4 21. c5 dxc5 22. d6 Qxd6 23. bxc5 Qxc5 24. Bxa8 Rxa8 25. Rfc1 Qa5 26. Qb7 Rf8 27. Qb3 Rd8 28. Rd1 h5 29. h3 Rc8 30. a4 Rc3 31. Qb5 Rc5 32.
Qe8+ Kh7 33. Qxf7 Rf5 34. Qd7 Qa6 35. Rxd4 Qf6 36. Rd6 Qg5 37. Rb7 Qc1+ 38. Rd1 Qh6 39. Rxa7 1-0

[Event "Late-Titled-Tuesday-Blitz-May-07-2024"]
[Site "Chess.com"]
[Date "2024.05.07"]
[Round "1"]
[White "Der_Balak_3Halak"]
[Black "MrKGG1"]
[Result "0-1"]
[WhiteElo "2399"]
[BlackElo "2704"]
[TimeControl "180+1"]
[EndTime "14:07:26 PDT"]
[Termination "MrKGG1 won by resignation"]

1. e4 c5 2. Nf3 d6 3. Bb5+ Nd7 4.
O-O a6 5. Bxd7+ Bxd7 6. Re1 e6 7. c3 g6 8. d4 cxd4 9. cxd4 Bg7 10. Bg5 Ne7 11.
Nc3 h6 12. Bf4 Nc8 13. e5 d5 14. Rc1 Ne7 15. Na4 Bxa4 16. Qxa4+ Qd7 17. Qa3 O-O 18. Rc2 Rfc8 19. Rec1 Rxc2 20. Rxc2 Nc6 21. Bd2 Kh7 22.
h4 Rc8 23. Qd3 h5 24. Ng5+ Kg8 25. Bc3 Bh6 26. Re2 Ne7 27. g3 Bxg5 28. hxg5 Nf5 29. Rc2 Qa4 30. b3 Qb5 31. Qd2 Qd7 32. Kg2 Qe7 33. a4 Rc6 34. f4 Qc7 35. Qd3 b5 36. axb5 axb5 37. b4 Rc4 38. Kf3 Rxd4 39. Bxd4 Qxc2 40.
Qc3 Qd1+ 41. Kf2 Qxd4+ 42. Qxd4 Nxd4 0-1

[Event "Late-Titled-Tuesday-Blitz-May-07-2024"]
[Site "Chess.com"]
[Date "2024.05.07"]
[Round "1"]
[White "CrushingKings"]
[Black "esrosenberg"]
[Result "0-1"]
[WhiteElo "2627"]
[BlackElo "2334"]
[TimeControl "180+1"]
[EndTime "14:07:27 PDT"]
[Termination "esrosenberg won by resignation"]

1. Nf3 d5 2. g3 Nd7 3. d4 Nb6 4.
Nh4 Nf6 5. Bg2 h6 6. O-O g5 7. Nf3 Bf5 8. b3 e6 9. Bb2 c6 10.
Nbd2 a5 11. Ne5 a4 12. c4 a3 13. Bc3 Be7 14. Re1 O-O 15. f3 Bh7 16. e4 dxc4 17.
Ndxc4 Nxc4 18. bxc4 Qc7 19. f4 gxf4 20. gxf4 Nd7 21.
Qh5 Nxe5 22. fxe5 Kh8 23. Rf1 Bg5 24. Rf3 Bg6 25. Qg4 Rg8 26. Rh3 Bh7 27. Qf3 Rg7 28. Kh1 Rag8 29. Rf1 b5 30. c5 Qb7 31. Bb4 Qd7 32.
Qf2 Qa7 33. Rxa3 Qe7 34. Rh3 Be3 35. Qxe3 Rxg2 36. Qxh6 R8g7 37. Be1 Kg8 38. Qf4 Qg5 39. Qf3 Rg1+ 0-1

[Event "Late-Titled-Tuesday-Blitz-May-07-2024"]
[Site "Chess.com"]
[Date "2024.05.07"]
[Round "1"]
[White "Zq1"]
[Black "besarquis"]
[Result "1-0"]
[WhiteElo "2621"]
[BlackElo "2257"]
[TimeControl "180+1"]
[EndTime "14:07:27 PDT"]
[Termination "Zq1 won by checkmate"]

1. d4 Nf6 2. c4 e6 3. g3 d5 4. Bg2 Be7 5. Nf3 O-O 6. Qc2 dxc4 7.
Qxc4 a6 8. Qc2 Nbd7 9. O-O c5 10. Rd1 Qc7 11. Bf4 Bd6 12. Bxd6 Qxd6 13. dxc5 Qxc5 14.
Qxc5 Nxc5 15. Ne5 Rb8 16. Na3 Ncd7 17. Nac4 b5 18. Nxd7 Bxd7 19. Ne5 Rfd8 20. Rd6 Be8 21. Rad1 Rxd6 22. Rxd6 a5 23. Ra6 a4 24. Bc6 Rc8 25. Kg2 Kf8 26. b3 axb3 27. axb3 Bxc6+ 28. Nxc6 Nd5 29. Nd4 b4 30. e4 Nc3 31. f3 Nb1 32. Rb6 Rd8 33. Rxb4 e5 34. Nc6 Rd2+ 35. Kh3 f6 36.
Rb8+ Kf7 37. Rb7+ Kf8 38. Kg4 Rb2 39. Kf5 Nd2 40. Ke6 Rxb3 41. Rf7+ Ke8 42. Rxg7 Rc3 43.
Rg8# 1-0

[Event "Late-Titled-Tuesday-Blitz-May-07-2024"]
[Site "Chess.com"]
[Date "2024.05.07"]
[Round "1"]
[White "keepitcoming"]
[Black "NelsonLinda"]
[Result "0-1"]
[WhiteElo "2245"]
[BlackElo "2617"]
[TimeControl "180+1"]
[EndTime "14:07:30 PDT"]
[Termination "NelsonLinda won on time"]

1. d4 Nf6 2. c4 c5 3. d5 b5 4.
cxb5 e6 5. Nc3 a6 6. e4 d6 7. a4 Be7 8. Bd3 O-O 9. Nge2 exd5 10. exd5 axb5 11. Bxb5 Ba6 12. O-O Bxb5 13. Nxb5 Na6 14. Bf4 Nb4 15. Nbc3 Qd7 16. Qd2 Qf5 17. Rfd1 Rfe8 18.
Ng3 Qd7 19. b3 Bf8 20. Bg5 Ng4 21. h3 Ne5 22. Nh5 Qf5 23. Ng3 Qg6 24. Nb5 Rec8 25. Bf4 Ned3 26. Qe3 Nc2 27. Qxd3 Qxd3 28. Rxd3 Nxa1 29.
Bxd6 c4 30. bxc4 Rxc4 31. Bxf8 Kxf8 32. d6 Nc2 33. a5 Nb4 34. Rd1 Nc6 35. Nf5 Rxa5 36.
Rb1 Rb4 0-1

[Event "Late-Titled-Tuesday-Blitz-May-07-2024"]
[Site "Chess.com"]
[Date "2024.05.07"]
[Round "1"]
[White "Squirlolz"]
[Black "yuriydovzik"]
[Result "1-0"]
[WhiteElo "2585"]
[BlackElo "2133"]
[TimeControl "180+1"]
[EndTime "14:07:30 PDT"]
[Termination "Squirlolz won on time"]

1. a4 h5 2. Ra3 e6 3. b3 Bxa3 4. Nxa3 d5 5. Bb2 Nf6 6. Nf3 c5 7. e3 Nc6 8. Bb5 Bd7 9. O-O Rc8 10. Qa1 Qe7 11. Re1 a6 12. Bxc6 Bxc6 13. Ne5 Rg8 14.
c4 b6 15. cxd5 exd5 16. d4 Bb7 17. Nc2 Ne4 18. f3 Nf6 19. Ba3 Qe6 20. dxc5 bxc5 21. Qc3 Nd7 22. Nxd7 Qxd7 23. Bxc5 f6 24. Nd4 Kf7 25. Qa5 Rge8 26. b4 Kg8 27. Qb6 Qc7 28.
Qxc7 Rxc7 29. Kf2 Bc6 30. Ra1 Bd7 31. Ra2 Rb7 32. Ke2 Rc8 33. Kd3 Kf7 34. h4 g6 35.
Ne2 Bf5+ 36. Kd4 a5 37. e4 dxe4 38. fxe4 Be6 39. Rb2 axb4 40. a5 b3 41. a6 Rb5 42.
Bd6 Rd8 43. Nc3 Rxd6+ 44. Ke3 Ra5 45. e5 fxe5 46. Ne4 Rd4 47. Ng5+ Ke7 48. Nf3 1-0

[Event "Late-Titled-Tuesday-Blitz-May-07-2024"]
[Site "Chess.com"]
[Date "2024.05.07"]
[Round "1"]
[White "bancsoo"]
[Black "krucki03"]
[Result "1-0"]
[WhiteElo "2870"]
[BlackElo "2511"]
[TimeControl "180+1"]
[EndTime "14:07:31 PDT"]
[Termination "bancsoo won by resignation"]

1. d4 Nf6 2. Nf3 e6 3. Bf4 c5 4. e3 b6 5. Nbd2 Bb7 6. h3 Be7 7. a4 O-O 8. c3 d5 9. Bd3 Nc6 10. O-O Bd6 11. Ne5 Bxe5 12. dxe5 Nd7 13. Nf3 f6 14.
exf6 Qxf6 15. Bh2 e5 16. Bb5 Qd6 17. e4 d4 18. cxd4 cxd4 19. Rc1 a6 20. Bxc6 Bxc6 21.
Nxd4 Bxe4 22. Nc6 Qxd1 23. Rfxd1 Nc5 24. Nxe5 Rad8 25. Rxd8 Rxd8 26. a5 bxa5 27. f3 Nb3 28. Re1 Bd5 29. Rd1 Kf8 30. Nc4 Ke7 31. Bc7 Rd7 32. Nb6 Rxc7 33. Nxd5+ Kd6 34. Nxc7+ Kxc7 35. Kf2 a4 36. Ke3 Kc6 37. f4 Kc5 38. g4 Kb4 39. f5 a3 40. bxa3+ Kxa3 41. g5 Nc5 42. f6 gxf6 43.
gxf6 Kb4 44. f7 Ne6 45. Rd6 Nf8 46. Rxa6 Kb5 47. Ra8 Ng6 48. f8=Q Nxf8 49. Rxf8 1-0

[Event "Late-Titled-Tuesday-Blitz-May-07-2024"]
[Site "Chess.com"]
[Date "2024.05.07"]
[Round "1"]
[White "The_Machine04"]
[Black "maximnovik"]
[Result "1-0"]
[WhiteElo "2779"]
[BlackElo "2454"]
[TimeControl "180+1"]
[EndTime "14:07:32 PDT"]
[Termination "The_Machine04 won on time"]

1. d4 Nf6 2. Nf3 g6 3. Nbd2 d5 4. e3 Bg7 5. b4 O-O 6. c4 a5 7. b5 c6 8. a4 Bf5 9. Ba3 Nbd7 10. Rc1 Re8 11. Be2 Ne4 12. cxd5 cxd5 13. Nxe4 Bxe4 14.
O-O e5 15. dxe5 Nxe5 16. Nxe5 Bxe5 17. Bf3 Qf6 18. Bxe4 dxe4 19. Qd5 b6 20. Rc6 Qf5 21. Rd1 h5 22. Rxb6 Rad8 23. Qxd8 Rxd8 24. Rxd8+ Kh7 25. Rb7 h4 26. Rdd7 Qg4 27. Rxf7+ Kh6 28. f3 exf3 29. Rxf3 Qe4 30. Bf8+ Kg5 31. Rbf7 Qb1+ 32. Rf1 Qe4 33. R7f3 Kh5 34. b6 g5 35. h3 Bg3 36. b7 Qxb7 37.
Bc5 Qd5 38. Bd4 Qa2 39. Rf5 Qe2 40. Kh1 1-0

[Event "Late-Titled-Tuesday-Blitz-May-07-2024"]
[Site "Chess.com"]
[Date "2024.05.07"]
[Round "1"]
[White "honestgames"]
[Black "TheoSlade"]
[Result "1-0"]
[WhiteElo "2824"]
[BlackElo "2473"]
[TimeControl "180+1"]
[EndTime "14:07:33 PDT"]
[Termination "honestgames won by resignation"]

1. d3 d5 2. Nf3 Nf6 3. g3 e6 4.
Bg2 Be7 5. O-O O-O 6. Nbd2 c5 7.
e4 Nc6 8. c3 b5 9. Re1 Bb7 10.
Qe2 Qc7 11. e5 Nd7 12. d4 cxd4 13. cxd4 Qb6 14. Nb3 a5 15. Be3 a4 16. Nc1 Ba6 17.
Nd3 b4 18. Qd1 Bxd3 19. Qxd3 Na5 20. b3 axb3 21. axb3 Rfc8 22. Bd2 Qa6 23. Qxa6 Rxa6 24. Ra2 Rca8 25. Rea1 Nb8 26. Bf1 R6a7 27. Bb5 Nbc6 28. Ba4 f6 29. exf6 gxf6 30. Be3 Bd8 31. Rc1 Rc8 32.
Rac2 Ra6 33. Ne1 Kf7 34. Nd3 Be7 35. Bd2 Ke8 36. Nxb4 Bxb4 37. Bxb4 Nb7 38. Bxc6+ Kf7 39. Bxb7 Rxc2 40. Rxc2 Rb6 41. Rc7+ Kg6 42. Bd2 Rxb3 43. Be3 Rb1+ 44. Kg2 h5 45. h4 Kf5 46. Bc8 Ke4 47.
Bxe6 f5 48. Re7 1-0

[Event "Late-Titled-Tuesday-Blitz-May-07-2024"]
[Site "Chess.com"]
[Date "2024.05.07"]
[Round "1"]
[White "nochewycandy"]
[Black "SharathRk6"]
[Result "1/2-1/2"]
[WhiteElo "2803"]
[BlackElo "2474"]
[TimeControl "180+1"]
[EndTime "14:07:34 PDT"]
[Termination "Game drawn by repetition"]

1. Nf3 Nf6 2. c4 e6 3. g3 d5 4. Bg2 Be7 5. O-O O-O 6. b3 b6 7. Bb2 Bb7 8. e3 Nbd7 9. Qe2 c5 10. Nc3 Rc8 11. Rfd1 Ne4 12. Rac1 Nxc3 13. Bxc3 Bf6 14. cxd5 exd5 15. Bxf6 Nxf6 16. d4 Re8 17. Qb5 a6 18. Qe2 Ne4 19. dxc5 bxc5 20. Qb2 Qf6 21. Qxf6 Nxf6 22.
Nh4 g6 23. Bh3 Rc7 24. Ng2 g5 25. Ne1 Ne4 26. Bg2 Ree7 27. Nd3 c4 28. Bxe4 dxe4 29. Nb4 cxb3 30. axb3 a5 31. Nc2 Ba6 32. Nd4 Bd3 33. f4 f6 34. Kf2 Kf7 35. Ke1 h5 36. Kd2 Red7 37. fxg5 fxg5 38. h4 g4 39. Rxc7 Rxc7 40.
Ra1 Rc5 41. Rg1 Kf6 42. Rg2 a4 43. Rf2+ Kg6 44. bxa4 Ra5 45. Ne6 Rxa4 46. Nf4+ Kh6 47.
Nxd3 exd3 48. Kxd3 Kg6 49. Rc2 Ra1 50. Ke4 Rg1 51.
Rc6+ Kg7 52. Kf4 Rf1+ 53. Kg5 Rg1 54. Rc7+ Kf8 55. Rc8+ Kf7 56. Rc7+ Kf8 57. Kxh5 Rxg3 58. Kg5 Rxe3 59. Kxg4 Kg8 60. Kg5 Rb3 61. Rc8+ Kg7 62. Rc4 Rb5+ 63. Kg4 Kg6 64. Rc6+ Kg7 65. h5 Rb4+ 66.
Kg5 Rb5+ 67. Kg4 Rb4+ 68. Kg5 Rb5+ 69. Kg4 1/2-1/2

[Event "Late-Titled-Tuesday-Blitz-May-07-2024"]
[Site "Chess.com"]
[Date "2024.05.07"]
[Round "1"]
[White "JaackCamel"]
[Black "Sanyura"]
[Result "0-1"]
[WhiteElo "2204"]
[BlackElo "2604"]
[TimeControl "180+1"]
[EndTime "14:07:35 PDT"]
[Termination "Sanyura won on time"]

1. d4 Nf6 2. c4 g6 3. Nc3 Bg7 4. e4 d6 5. Nf3 O-O 6. Be2 e5 7.
Be3 Ng4 8. Bg5 f6 9. Bh4 Nc6 10. d5 Ne7 11. Nd2 Nh6 12. f3 c5 13. g4 f5 14.
gxf5 gxf5 15. Qc2 Qe8 16. O-O-O Ng6 17. Bf2 Bd7 18. Be3 Kh8 19. h4 Nf4 20. Rdg1 a6 21. Bf1 b5 22. Ne2 fxe4 23. fxe4 bxc4 24. Nxc4 Qe7 25. Nb6 Rab8 26. Nxd7 Qxd7 27. Nc3 Ng4 28. Bd2 c4 29. Bxc4 Rfc8 30. Bxa6 Rc5 31. Kb1 h5 32.
Re1 Qa7 33. Be2 Qb7 34. Bxg4 hxg4 35. h5 Bh6 36. Rhg1 Nd3 37. Bxh6 Nxb2 38. Bg7+ Qxg7 39. h6 Qa7 40. Rxg4 Na4+ 41. Ka1 Rxc3 42. Qg2 Rc1+ 43.
Rxc1 Qd4+ 0-1

[Event "Late-Titled-Tuesday-Blitz-May-07-2024"]
[Site "Chess.com"]
[Date "2024.05.07"]
[Round "1"]
[White "Mikhail_Golubev"]
[Black "th3d4rkness"]
[Result "1-0"]
[WhiteElo "2608"]
[BlackElo "2222"]
[TimeControl "180+1"]
[EndTime "14:07:36 PDT"]
[Termination "Mikhail_Golubev won by resignation"]

1. e4 c5 2. Nf3 Nc6 3. Nc3 Nf6 4. Bb5 Nd4 5. e5 Nxf3+ 6. Qxf3 Ng8 7. O-O e6 8. a4 a6 9. Bc4 d5 10. exd6 Bxd6 11. d3 Ne7 12. Ne4 Nf5 13. Nxd6+ Qxd6 14. Bf4 Qe7 15. c3 O-O 16. Rfe1 Rd8 17. a5 Nd6 18. Ba2 Bd7 19. Bd5 Rab8 20. Bxd6 Qxd6 21. Bxb7 Bb5 22. c4 Be8 23. Ra3 Qd4 24. Rb3 Ba4 25.
Rb6 Qxd3 26. Bxa6 Qxf3 27. gxf3 Rxb6 28. axb6 Rb8 29. b7 Bc6 30. Rd1 g6 31. Rd6 Bxf3 32. b4 cxb4 33. Rb6 Kg7 34. c5 b3 35. Rxb3 Bd5 36. Rb6 Bxb7 37. Bxb7 Rd8 38. c6 Rd1+ 39. Kg2 Rc1 40. Rb4 h5 41. Rd4 Kf6 42. Rd7 h4 43. c7 Rc3 44. h3 1-0

[Event "Late-Titled-Tuesday-Blitz-May-07-2024"]
[Site "Chess.com"]
[Date "2024.05.07"]
[Round "1"]
[White "Ryukchess81"]
[Black "GoltsevDmitry2000"]
[Result "0-1"]
[WhiteElo "2435"]
[BlackElo "2755"]
[TimeControl "180+1"]
[EndTime "14:07:38 PDT"]
[Termination "GoltsevDmitry2000 won by resignation"]

1. d4 e6 2. Bf4 Nf6 3. e3 d5 4.
Nf3 c5 5. Nc3 a6 6. dxc5 Bxc5 7.
Bd3 Nc6 8. O-O Qe7 9. e4 d4 10.
e5 Nh5 11. Bg5 f6 12. exf6 gxf6 13. Nxd4 Nxd4 14. Qxh5+ Qf7 15. Qxf7+ Kxf7 16. Be3 e5 17. Ne4 Be7 18. c3 Nf5 19. Bc5 b5 20. Bxe7 Kxe7 21. a4 Bd7 22. Nc5 Nd6 23. Nxd7 Kxd7 24. Rfd1 Ke6 25.
Bc2 Rhc8 26. Bb3+ Ke7 27. Bd5 Rab8 28. axb5 Rxb5 29. Rxa6 Rxb2 30. Rxd6 Kxd6 31. Bb7+ Kc7 32. Bxc8 Kxc8 33. Rc1 Kc7 34. c4 Kc6 35. g3 e4 36.
Kf1 Kc5 37. h4 f5 38. Ke1 h6 39. Rd1 Kxc4 40. Rd6 h5 41. Rh6 Kd3 42. Kf1 Rb1+ 43.
Kg2 Ke2 44. Rxh5 Rf1 45. Rxf5 e3 46. f4 Rf2+ 47. Kg1 Kf3 48. Ra5 Kxg3 49. h5 e2 50. Ra1 Rxf4 51. Re1 Kf3 0-1

[Event "Late-Titled-Tuesday-Blitz-May-07-2024"]
[Site "Chess.com"]
[Date "2024.05.07"]
[Round "1"]
[White "CarlosjPineror"]
[Black "CombativeWombat"]
[Result "1-0"]
[WhiteElo "2656"]
[BlackElo "2344"]
[TimeControl "180+1"]
[EndTime "14:07:38 PDT"]
[Termination "CarlosjPineror won on time"]

1. e4 e5 2. Nf3 Nc6 3. Bb5 f5 4. d3 fxe4 5. dxe4 Nf6 6. Qe2 Bc5 7. c3 d6 8. Bc4 Qe7 9. Bg5 Be6 10. Nbd2 O-O 11.
Bxf6 Rxf6 12. Bxe6+ Qxe6 13. Qc4 Qxc4 14. Nxc4 Rf4 15.
Ncd2 a5 16. Ke2 h6 17. a4 Kf7 18. h4 Ke6 19. g3 Rf7 20. Raf1 Raf8 21. Rh2 Ne7 22.
Ne1 c6 23. Nd3 Bb6 24. f4 exf4 25. gxf4 d5 26. f5+ Kd6 27. Nf4 Kd7 28. Ne6 Rg8 29. exd5 cxd5 30. Rg2 Rxf5 31. Nxg7 Rxf1 32. Kxf1 d4 33.
Nc4 Bc5 34. Nh5 Rxg2 35. Kxg2 dxc3 36. bxc3 b6 37. Nf6+ Ke6 38. Ng4 Nf5 39. h5 Kd5 40. Nd2 Ne3+ 41. Kf3 1-0

[Event "Late-Titled-Tuesday-Blitz-May-07-2024"]
[Site "Chess.com"]
[Date "2024.05.07"]
[Round "1"]
[White "penguingm1"]
[Black "PenguinPacks"]
[Result "1-0"]
[WhiteElo "2892"]
[BlackElo "2519"]
[TimeControl "180+1"]
[EndTime "14:07:39 PDT"]
[Termination "penguingm1 won by checkmate"]

1. d4 Nf6 2. Nf3 g6 3. Nbd2 d5 4. b4 Bg7 5. e3 O-O 6. c4 c6 7. a4 Nbd7 8. Ba3 Re8 9. b5 e5 10.
bxc6 bxc6 11. dxe5 Ng4 12. cxd5 cxd5 13. Bb5 Ngxe5 14.
Nxe5 Nxe5 15. O-O Bd7 16. Rb1 a6 17. Bxd7 Qxd7 18. Bc5 Rec8 19. Bd4 Rab8 20. Rxb8 Rxb8 21. Qc2 Rc8 22. Qa2 Nc4 23. Nf3 h6 24. Bxg7 Kxg7 25. h3 Rc5 26. Qc2 Qc7 27. Qc3+ Kg8 28. Qd4 Nb6 29.
Ne5 Rc1 30. Rxc1 Qxc1+ 31. Kh2 Qc7 32. g3 Qc2 33. Ng4 h5 34. Nf6+ Kf8 35. Kg2 Qc6 36. Qxb6 Qxa4 37. Qd8+ Kg7 38. Nxd5 Qe4+ 39. Kh2 Qe6 40.
Nf4 Qa2 41. Qd4+ Kg8 42. e4 h4 43. Nd5 hxg3+ 44. Kxg3 a5 45. Nf6+ Kf8 46. h4 a4 47. e5 Qb3+ 48. f3 a3 49. Qd8+ Kg7 50. Qg8+ Kh6 51. Qh8# 1-0

[Event "Late-Titled-Tuesday-Blitz-May-07-2024"]
[Site "Chess.com"]
[Date "2024.05.07"]
[Round "1"]
[White "betta2004"]
[Black "sergiochess83"]
[Result "0-1"]
[WhiteElo "2516"]
[BlackElo "2880"]
[TimeControl "180+1"]
[EndTime "14:07:39 PDT"]
[Termination "sergiochess83 won by resignation"]

1. e4 e6 2. d4 d5 3. Bd3 dxe4 4. Bxe4 Nf6 5. Bf3 Bd6 6. Ne2 O-O 7. Nbc3 Nbd7 8. Bg5 h6 9. Bh4 Re8 10. Qd2 e5 11. dxe5 Nxe5 12. O-O-O Be6 13. Bd5 Ng6 14.
Bxe6 Nxh4 15. Bb3 Qe7 16. Kb1 Rad8 17. Qc1 c6 18. g3 Nf3 19. Nd4 Nxd4 20. Rxd4 Be5 21.
Rxd8 Qxd8 22. Rd1 Qb6 23. Qd2 Bxc3 24. Qxc3 Qxf2 25. Qb4 Qb6 26. Qc4 Qc7 27. a4 a6 28.
a5 Re5 29. Rf1 Rxa5 30. h4 h5 31. Re1 Rd5 32. Qf1 Re5 33. Rd1 Qe7 34. Qf2 b5 35.
Qb6 Re1 36. Rxe1 Qxe1+ 37. Ka2 Qxg3 38. Qxc6 Qxh4 39. Qc8+ Kh7 40. Bxf7 Qe4 41. Be6 Kh6 42. Bf5 Qc4+ 43. Qxc4 bxc4 44. Ka3 Nd5 45. Be6 Ne3 46. c3 g5 47. Kb4 g4 48. Kc5 g3 49. Bh3 h4 50. Kd4 g2 51. Bxg2 Nxg2 52. Kxc4 h3 53. b4 h2 54. b5 axb5+ 55. Kxb5 h1=Q 56. c4 0-1

[Event "Late-Titled-Tuesday-Blitz-May-07-2024"]
[Site "Chess.com"]
[Date "2024.05.07"]
[Round "1"]
[White "OriTaichman"]
[Black "GMthekingindian"]
[Result "1-0"]
[WhiteElo "2621"]
[BlackElo "2264"]
[TimeControl "180+1"]
[EndTime "14:07:39 PDT"]
[Termination "OriTaichman won by resignation"]

1. e4 c5 2. Nf3 e6 3. b3 b6 4. Bb2 Bb7 5. Qe2 Nc6 6. g3 Qc7 7. Bg2 Nf6 8. O-O d6 9. d4 cxd4 10. Nxd4 Nxd4 11. Bxd4 Be7 12. c4 O-O 13. Nc3 Bc6 14.
Rad1 Qb7 15. Rfe1 a6 16. f4 b5 17. Nd5 bxc4 18. Bxf6 Bxf6 19. Nxf6+ gxf6 20. Qxc4 Rfd8 21. Qc3 f5 22. Qf6 Bxe4 23. Qg5+ Kf8 24. Qh6+ Kg8 25. Qg5+ Kf8 26. Bxe4 fxe4 27. f5 d5 28. f6 Qb4 29.
Qh6+ Ke8 30. Qxh7 Qf8 31. Qh5 Rac8 32. Qe5 Qd6 33. Rxe4 Qb6+ 34. Re3 d4 35. Red3 Rd5 36. Qf4 Qb5 37. Qh6 e5 38. Qh8+ Kd7 39. Qh3+ Ke8 40. Qxc8+ Rd8 41. Qf5 Qd5 42. Re1 e4 43. Rxe4+ Qxe4 44. Qxe4+ 1-0

[Event "Late-Titled-Tuesday-Blitz-May-07-2024"]
[Site "Chess.com"]
[Date "2024.05.07"]
[Round "1"]
[White "GMMikhailKazakov"]
[Black "DanielDardha2005"]
[Result "0-1"]
[WhiteElo "2517"]
[BlackElo "2884"]
[TimeControl "180+1"]
[EndTime "14:07:40 PDT"]
[Termination "DanielDardha2005 won by checkmate"]

1. d4 Nf6 2. c4 d6 3. Nc3 Bf5 4. g3 e5 5. Nf3 Nbd7 6. Bg2 c6 7. O-O h6 8. b3 Be7 9. Bb2 O-O 10. Re1 e4 11. Nd2 d5 12. Nf1 Re8 13. Qc1 a6 14.
Ne3 Be6 15. Ba3 b5 16. Bxe7 Qxe7 17. Qd2 Nb6 18. cxb5 axb5 19. a4 bxa4 20. bxa4 Nh7 21. a5 Nc8 22. Na4 Ng5 23. Nc5 Nh3+ 24. Bxh3 Bxh3 25.
a6 Nd6 26. Rab1 Qf6 27. Rb6 Nc8 28. Rb7 Nd6 29. Rb6 Nc8 30. Rb7 Ne7 31. Reb1 h5 32. a7 Nc8 33. Ra1 Re7 34. Qb4 Rxb7 35. Qxb7 Rxa7 36.
Rxa7 Nxa7 37. Qxa7 Qxd4 38. Qa3 Kh7 39. Nb3 Qc3 40.
Nd2 Qxa3 41. f3 Qxe3+ 42. Kh1 Qf2 43. Nf1 Qg2# 0-1

[Event "Late-Titled-Tuesday-Blitz-May-07-2024"]
[Site "Chess.com"]
[Date "2024.05.07"]
[Round "1"]
[White "Indefatigable11"]
[Black "albi1999"]
[Result "0-1"]
[WhiteElo "2376"]
[BlackElo "2670"]
[TimeControl "180+1"]
[EndTime "14:07:40 PDT"]
[Termination "albi1999 won by resignation"]

1. Nf3 g6 2. d4 Bg7 3. c4 Nf6 4. g3 O-O 5. Bg2 d6 6. O-O Ne4 7. Nc3 Nxc3 8. bxc3 Nc6 9. e4 Rb8 10.
Be3 b6 11. Qd3 Na5 12. Nd2 Ba6 13. Rfb1 e6 14. d5 Re8 15. Bf1 c5 16. Rd1 exd5 17.
exd5 Qd7 18. Bg2 h6 19. Re1 Re7 20. Bf4 Rbe8 21. Rxe7 Rxe7 22. Be3 Re8 23. Re1 Qa4 24. Bf1 Qxa2 25. h4 h5 26. Re2 Qa1 27. Kg2 Qxc3 28.
Qb1 Nxc4 29. Bd4 Qxd4 30. Rxe8+ Kh7 31. Nxc4 Bxc4 32. Bxc4 Qxc4 33. Qd1 Bf6 34. Qf3 Kg7 35. Ra8 Qa4 36. Rc8 c4 37. Rc6 Qb4 38. Qe3 c3 39. Qe8 Qb5 40. Qd7 c2 41. Qxd6 Qb2 42. Qc7 Be5 43.
d6 Bxd6 44. Qc8 Bc5 45. Rxc5 bxc5 46. Qxc5 c1=Q 47. Qd5 Qcc2 48. Qf3 Qe2 49. Qf4 Qf6 0-1